Map: Costas tropicales

Players

MrFercho - Winner!

  • Race: Terran Terran
  • Spawn Location: 0:00

tigro

  • Race: Terran Terran
  • Spawn Location: 5:00

VOD

Have the link to the VOD?

Description

Time

  • Played on: Nov. 18, 2018, 8:19 p.m.
  • Length: 20:24
Show
View Real Time Build Order
Export as new Build Order

MrFercho Terran - Winner!

Build Orders:  

Get SALT Encoding   

  12  0:03  SCV  
  13  0:16  Supply Depot  
  13  0:26  SCV, Refinery  
  14  0:47  Barracks  
  14  0:48  SCV  
  15  1:00  SCV  
  16  1:13  SCV  
  17  1:25  SCV  
  18  1:37  SCV  
  19  1:43  Engineering Bay  
  19  1:49  SCV  
  19  1:50  Barracks Tech Lab  
  21  2:01  SCV  
  21  2:08  Factory  
  21  2:13  SCV  
  22  2:18  Engineering Bay  
  22  2:25  SCV  
  23  2:36  Refinery  
  23  2:52  Supply Depot  
  23  2:53  Supply Depot  
  23  2:55  Supply Depot  
  23  3:13  Armory, SCV  
  24  3:26  SCV  
  25  3:38  SCV  
  26  3:44  Barracks  
  26  3:51  Orbital Command  
  26  3:52  Starport  
  26  3:55  Factory Tech Lab  
  26  4:01  Armory  
  26  4:16  Terran Infantry Weapons Level 1  
  26  4:17  Terran Infantry Armor Level 1  
  26  4:25  SCV  
  27  4:37  SCV  
  28  4:49  SCV  
  29  4:59  Starport Tech Lab  
  29  5:01  SCV  
  29  5:02  Barracks Tech Lab  
  30  5:09  Marauder  
  30  5:13  Liberator, SCV  
  33  5:20  Marine  
  34  5:25  Command Center  
  34  5:26  Refinery  
  34  5:30  Refinery  
  34  5:31  Marauder  
  39  5:38  Marine  
  40  5:44  Ghost Academy  
  40  6:12  Command Center, Raven  
  40  6:14  Terran Ship Weapons Level 1, Terran Vehicle Weapons Level 1  
  42  6:20  Refinery  
  42  6:22  Refinery  
  42  6:56  SCV x2  
  44  7:08  SCV x2  
  46  7:17  Sensor Tower  
  46  7:20  SCV x2  
  48  7:32  SCV  
  48  7:33  SCV  
  50  7:45  SCV x2  
  50  7:49  Sensor Tower  
  50  8:02  Barracks  
  50  8:06  Barracks  
  50  8:15  Factory  
  50  8:16  Factory  
  50  8:19  Sensor Tower  
  50  8:24  Starport  
  50  8:27  Starport  
  50  8:44  Marauder x2  
  54  9:01  Fusion Core, Orbital Command  
  54  9:05  Command Center, Marine x2  
  54  9:09  Refinery  
  56  9:13  Refinery  
  56  9:15  Barracks Tech Lab  
  56  9:16  Barracks Tech Lab  
  56  9:17  Factory Tech Lab x2  
  56  9:19  Starport Tech Lab x2  
  56  10:12  Thor x3  
  74  10:16  Marauder x4  
  82  10:26  Banshee x2  
  85  10:34  SCV x2  
  87  10:39  Orbital Command  
  87  10:46  SCV x2  
  89  10:58  SCV x2  
  91  11:10  SCV  
  92  11:17  Supply Depot  
  92  11:18  Supply Depot  
  92  11:19  Supply Depot  
  92  11:20  Supply Depot  
  92  11:21  Supply Depot  
  92  11:22  Supply Depot  
  92  11:24  Supply Depot  
  92  11:38  SCV x2  
  94  11:40  Supply Depot  
  94  11:46  Supply Depot  
  94  11:50  SCV x2  
  96  12:03  SCV  
  97  12:18  Weapon Refit  
  89  12:47  Terran Vehicle Weapons Level 2, Terran Vehicle And Ship Armor Level 1  
  80  12:51  Combat Shield  
  80  12:52  Concussive Shells  
  78  12:58  Terran Infantry Weapons Level 2  
  78  12:59  Terran Infantry Armor Level 2  
  78  13:05  Infernal Pre-Igniter  
  78  13:06  Rapid Fire Launchers, Drilling Claws  
  78  13:10  Rapid Reignition System, Cloaking Field, Corvid Reactor  
  78  13:14  Stimpack  
  78  13:17  Personal Cloaking  
  78  13:34  Refinery  
  78  13:59  Refinery  
  78  14:07  Hyperflight Rotors  
  78  14:24  Smart Servos  
  78  14:28  Advanced Ballistics, Refinery  
  78  14:40  Terran Ship Weapons Level 2  
  66  14:54  Refinery  
  60  15:08  SCV x2  
  60  15:09  SCV  
  60  15:14  Neosteel Frame  
  63  15:15  Neosteel Armor  
  63  15:17  Command Center  
  63  15:18  Battlecruiser x2  
  63  15:19  Battlecruiser  
  63  15:20  SCV x2  
  63  15:21  SCV  
  84  15:32  SCV  
  84  15:33  SCV x2  
  84  15:35  Thor x2  
  93  15:36  Siege Tank  
  102  15:45  SCV x3  
  105  15:58  Orbital Command  
  105  16:17  Marauder  
  105  16:18  Marauder x2  
  111  16:19  Marauder  
  111  16:22  Raven x2  
  111  16:23  Banshee  
  120  16:33  Hi-Sec Auto Tracking  
  120  16:35  Cyclone x3  
  120  16:39  Marauder  
  131  16:49  Liberator  
  131  17:05  Banshee x2  
  131  17:07  Cyclone x3  
  149  17:31  Liberator  
  149  17:39  Widow Mine  
  149  17:40  Widow Mine x2  
  158  18:01  Widow Mine x3  
  164  18:22  Widow Mine x2  
  164  18:23  Widow Mine  
Show
View Real Time Build Order
Export as new Build Order

tigro Terran 

Build Orders:  

Get SALT Encoding   

  12  0:10  SCV  
  13  0:22  Supply Depot, SCV  
  14  0:33  Refinery  
  14  0:40  SCV, Refinery  
  15  0:59  Barracks  
  15  1:06  SCV  
  16  1:18  SCV  
  17  1:44  SCV  
  18  1:51  Barracks Tech Lab  
  18  1:56  Engineering Bay, SCV  
  19  2:14  Marine  
  20  2:20  Command Center  
  20  2:24  Combat Shield  
  20  2:31  Marine  
  21  2:49  Marine  
  22  3:07  SCV  
  23  3:32  Supply Depot  
  23  3:38  Marine  
  24  3:44  Terran Infantry Weapons Level 1  
  24  3:56  Marine  
  24  4:00  Bunker  
  24  4:01  SCV  
  26  4:05  Stimpack  
  26  4:13  Marine, SCV  
  26  4:15  Supply Depot  
  28  4:31  Marine  
  28  4:35  Planetary Fortress  
  29  4:48  Missile Turret  
  29  4:49  Marine  
  30  4:53  Refinery  
  30  5:06  SCV  
  31  5:11  Missile Turret  
  31  5:18  SCV  
  32  5:30  SCV  
  33  5:36  Missile Turret  
  33  5:37  Marine  
  33  5:39  Terran Infantry Armor Level 1  
  34  5:44  Concussive Shells  
  34  5:55  Marine  
  35  6:08  Refinery  
  35  6:13  Marine  
  36  6:22  Factory  
  36  6:30  Marine  
  37  6:46  Planetary Fortress  
  37  7:06  Factory Tech Lab  
  37  7:24  Ghost Academy  
  37  7:33  Hi-Sec Auto Tracking  
  37  7:44  Infernal Pre-Igniter  
  37  7:55  Armory  
  37  7:59  Personal Cloaking  
  37  8:08  Ghost  
  39  8:24  SCV  
  40  8:29  Neosteel Frame  
  40  8:46  Thor  
  46  9:02  Rapid Fire Launchers  
  46  9:21  Missile Turret  
  46  9:25  Nuke  
  46  9:29  Thor  
  52  9:42  Missile Turret  
  52  9:48  Neosteel Armor  
  52  10:05  Starport  
  52  10:12  Thor  
  52  10:21  Drilling Claws  
  50  10:30  SCV  
  51  10:43  SCV  
  52  10:55  SCV  
  53  11:01  Missile Turret  
  53  11:07  SCV  
  53  11:11  Starport Tech Lab  
  54  11:13  Factory  
  54  11:28  Terran Infantry Weapons Level 2  
  54  11:40  Smart Servos  
  54  12:01  Factory Tech Lab  
  54  12:04  Rapid Reignition System  
  54  12:06  Supply Depot  
  54  12:23  SCV  
  37  12:35  SCV  
  32  12:41  Fusion Core  
  32  12:44  Thor  
  30  12:48  Marauder  
  37  12:55  Thor  
  35  13:01  Corvid Reactor  
  34  13:26  Thor  
  32  13:44  Terran Infantry Armor Level 2  
  32  14:06  Marauder  
  34  14:16  Banshee  
  31  14:19  Cloaking Field  
  25  14:27  Marauder  
  27  14:34  Weapon Refit  
  27  14:48  Marauder  
  29  14:59  Banshee  
  32  15:10  Marauder  
  32  15:12  Command Center  
  34  15:31  Marauder  
  36  15:39  Hyperflight Rotors  
  36  16:17  Refinery  
  36  16:23  Factory  
  36  16:46  Refinery  
  37  16:54  SCV  
  37  17:06  SCV  
  38  17:09  Battlecruiser  
  44  17:18  SCV  
  45  17:30  SCV  
  45  17:32  Factory Tech Lab  
  44  17:39  Advanced Ballistics  
  44  17:42  SCV  
  43  17:45  Missile Turret  
  43  17:50  Marine  
  34  18:08  Marine  
  34  18:11  Missile Turret  
  24  18:13  Battlecruiser  
  24  18:16  Missile Turret  
  13  19:04  Engineering Bay  
Tags
 
Matchup
TvT
Race
Terran
Replay Pack
MrFercho
Add a new tag
Caveats
  • Supply blocks, unpowered buildings, or Contaminate may cause inaccurate times.
  • Supply counts are checked every 10 seconds.